AoeStats
← 文風

MegaRandom

506489710Analyzed
1v1 RM · 18d ago on Sep 13, 2026· 50m 48s· 2 players
Game mode
Random Map
Map size
Tiny (2 player)
Population
200
Speed
Normal
Resources
Standard
Victory
Conquest
Starting age
Dark Age
Ending age
Imperial Age
RankedLock teamsTeams togetherTeam positionsShared explorationLock speedFull tech treeHidden civsTurbo modeCheats
Victory
Defeat
🇭🇰 Spanish · Hong Kong SAR China
1431
+14
🇺🇸 Chinese · United States
1387
-14
koriko9397
0:32 Loom
11:14 Feudal Age
15:52 Castle Age
15:03 Double-Bit Axe
15:04 Horse Collar
26:09 Town Watch
26:15 Elite Skirmisher
27:36 Fletching
28:50 Heavy Plow
29:22 Bodkin Arrow
32:04 Wheelbarrow
32:04 Ballistics
32:10 Padded Archer Armor
34:57 Imperial Age
33:14 Hand Cart
33:38 Hand Cart
34:03 Masonry
35:13 Capped Ram
36:08 Bow Saw
36:30 Conscription
36:20 Thumb Ring
37:18 Chemistry
36:17 Siege Ram
37:04 Bracer
37:19 Leather Archer Armor
40:06 Scale Barding Armor
40:12 Forging
41:29 Bloodlines
40:40 Light Cavalry
42:28 Architecture
42:31 Cavalier
43:12 Husbandry
44:49 Iron Casting
44:35 Chain Barding Armor
47:12 Blast Furnace
文風
11:22 Feudal Age
16:09 Castle Age
14:22 Double-Bit Axe
14:55 Stone Mining
15:16 Gold Mining
15:20 Horse Collar
17:05 Bow Saw
17:13 Heavy Plow
27:44 Wheelbarrow
32:52 Imperial Age
30:15 Fletching
31:19 Bodkin Arrow
33:06 Padded Archer Armor
33:42 Bracer
34:47 Chemistry
34:19 Elite Skirmisher
36:19 Leather Archer Armor
37:27 Ballistics
37:50 Ring Archer Armor
37:42 Pikeman
40:10 Halberdier
40:51 Squires
41:08 Gambesons
40:43 Man-at-Arms
41:50 Scale Mail Armor
42:00 Forging
42:44 Long Swordsman
43:57 Chain Mail Armor
44:18 Iron Casting
44:46 Conscription
45:32 Two-Handed Swordsman
46:12 Champion
50:18 Plate Mail Armor
Connection lost

Rejoining the realm…

Still unreachable

The connection could not be restored.

Session expired

The server has moved on; the page needs a fresh start.